[Event "*** Titled Tuesday Blitz"]
[Site "Chess.com"]
[Date "2021.03.09"]
[Round "8"]
[White "GM_Huschenbeth"]
[Black "redblizzard"]
[Result "1-0"]
[WhiteElo "2629"]
[BlackElo "2475"]
[TimeControl "180+1"]
[EndTime "11:29:29 PST"]
[Termination "GM_Huschenbeth won by resignation"]

1. e4 e5 2. Nf3 Nc6 3. Bc4 Nf6 4.
d4 exd4 5. e5 d5 6. Bb5 Nd7 7.
Bxc6 bxc6 8. Nxd4 Nb8 9. O-O Be7 10. f4 c5 11. Nb3 Nc6 12. Nc3 d4 13. Ne4 Qd5 14. Qf3 Be6 15. Nexc5 Bxc5 16. Qxd5 Bxd5 17. Nxc5 Nb4 18. Rf2 O-O 19. a3 Nc6 20. Bd2 f5 21. exf6 Rxf6 22. Re1 Kf7 23. f5 h6 24. g4 Re8 25. Rxe8 Kxe8 26. Bf4 Kd8 27. g5 Rf7 28.
gxh6 gxh6 29. Bxh6 Ne7 30. Bg5 Ke8 31. Re2 Kf8 32. Nd7+ Kg8 33. Rxe7 1-0

[Event "*** Titled Tuesday Blitz"]
[Site "Chess.com"]
[Date "2021.03.09"]
[Round "8"]
[White "AniJak"]
[Black "Mikasinski"]
[Result "0-1"]
[WhiteElo "2316"]
[BlackElo "2467"]
[TimeControl "180+1"]
[EndTime "11:29:30 PST"]
[Termination "Mikasinski won by resignation"]

1. e4 c5 2. Nf3 d6 3. d4 cxd4 4. Nxd4 Nf6 5. Nc3 g6 6. Bc4 Bg7 7. O-O O-O 8. Re1 Nc6 9. Bb3 Nxd4 10. Qxd4 Be6 11. Bg5 Nd5 12. Qd2 Nxc3 13. bxc3 Qc7 14. Re3 Rac8 15. Rd1 Bxc3 16. Qe2 Bg7 17. h3 Bxb3 18.
cxb3 e6 19. Red3 d5 20. exd5 exd5 21. Rxd5 Rfe8 22. Qf3 Qc6 23. Qf4 Re1+ 24. Rxe1 Qxd5 25. Re7 Bf8 26. Re1 Bd6 27. Qe4 Qxg5 28. Qxb7 Rc7 29. Qa8+ Kg7 30. Qe8 Rc1 0-1

[Event "*** Titled Tuesday Blitz"]
[Site "Chess.com"]
[Date "2021.03.09"]
[Round "8"]
[White "beto-betun"]
[Black "NefeLV"]
[Result "1-0"]
[WhiteElo "2213"]
[BlackElo "1837"]
[TimeControl "180+1"]
[EndTime "11:29:31 PST"]
[Termination "beto-betun won by resignation"]

1. d4 Nf6 2. Nf3 g6 3. g3 Bg7 4. Bg2 O-O 5. O-O c6 6. c4 d5 7. b3 Bg4 8. Bb2 Qc8 9. Nbd2 Bh3 10. Rc1 Bxg2 11. Kxg2 Nbd7 12. Re1 b6 13. cxd5 Nxd5 14. a3 Qb7 15. e4 Nc7 16. Qc2 c5 17. d5 Rac8 18.
Bxg7 Kxg7 19. Qb2+ Nf6 20. Nc4 Rfd8 21. Nce5 Nb5 22. a4 Nd6 23. Nc6 Ne8 24. Nxd8 Rxd8 25. b4 cxb4 26. Qxb4 Nd6 27. Qb2 Ne8 28. Ne5 Kg8 29.
Nc6 Rd7 30. Qb3 Qa6 31. Nb8 Qb7 32. Nxd7 Qxd7 33. Qb5 Qg4 34. e5 Nh5 35. Qxe8+ Kg7 36. Qxe7 Nf4+ 37. Kg1 Nh3+ 38. Kf1 Qf3 39. Qf6+ Qxf6 40.
exf6+ 1-0

[Event "*** Titled Tuesday Blitz"]
[Site "Chess.com"]
[Date "2021.03.09"]
[Round "8"]
[White "NiranjanNavalgund"]
[Black "miredenizdogan"]
[Result "1-0"]
[WhiteElo "2452"]
[BlackElo "2264"]
[TimeControl "180+1"]
[EndTime "11:29:32 PST"]
[Termination "NiranjanNavalgund won by resignation"]

1. e4 e6 2. d4 d5 3. Nd2 dxe4 4.
Nxe4 Nd7 5. Nf3 Ngf6 6. Nxf6+ Nxf6 7. Bg5 c5 8. dxc5 Qa5+ 9. c3 Qxc5 10. Bd3 Be7 11. O-O O-O 12. Qe2 Bd7 13. Rad1 Bc6 14. Ne5 h6 15. Bc1 Rad8 16. Bc2 Rd5 17. Nxc6 Qxc6 18. Bb3 Rf5 19. Be3 b6 20. Rd2 Rd8 21. Rxd8+ Bxd8 22. Rd1 Bc7 23. h3 Nd5 24. Bc2 Re5 25. Qd3 Nxe3 26. Qd8+ Bxd8 27. Rxd8+ 1-0

[Event "*** Titled Tuesday Blitz"]
[Site "Chess.com"]
[Date "2021.03.09"]
[Round "8"]
[White "QuintilianoR"]
[Black "MasterKroket"]
[Result "1-0"]
[WhiteElo "2677"]
[BlackElo "2462"]
[TimeControl "180+1"]
[EndTime "11:29:34 PST"]
[Termination "QuintilianoR won by resignation"]

1. Nf3 Nf6 2. c4 e6 3. b3 d5 4. e3 c5 5. Bb2 Nc6 6. cxd5 Nxd5 7. Bc4 b6 8. O-O Bb7 9. d4 cxd4 10. Nxd4 Be7 11.
Bb5 Rc8 12. Nxc6 Bxc6 13. Bxc6+ Rxc6 14. Bxg7 Rg8 15. Bd4 Bd6 16. Qh5 Rg6 17. Nd2 e5 18. Bb2 Rc2 19. Nc4 b5 20. Nxd6+ Qxd6 21. Qxe5+ Qxe5 22. Bxe5 f6 23. Bg3 h5 24. Rfc1 Rb2 25. Rc5 Nb4 26. Rxb5 Nxa2 27. Rxh5 Rg4 28. h3 Rb4 29. Rh8+ Kf7 30. Rh7+ Kg6 31. Rxa7 Nc3 32. R1a6 Ne4 33. Kh2 Nxf2 34. Be5 Ne4 35. Bxb2 1-0

[Event "*** Titled Tuesday Blitz"]
[Site "Chess.com"]
[Date "2021.03.09"]
[Round "8"]
[White "IECS12"]
[Black "CM_rui"]
[Result "0-1"]
[WhiteElo "2222"]
[BlackElo "2376"]
[TimeControl "180+1"]
[EndTime "11:29:40 PST"]
[Termination "CM_rui won by resignation"]

1. d4 Nf6 2. Bf4 e6 3. e3 d5 4. Nd2 c5 5. Ngf3 Nc6 6. c3 Bd6 7. Bxd6 Qxd6 8. Bb5 O-O 9. Bxc6 Qxc6 10. Ne5 Qc7 11.
O-O b6 12. f4 Bb7 13. Qf3 b5 14. f5 exf5 15. Qxf5 Rae8 16. Rae1 a5 17. Nd3 Bc8 18. Qg5 Ng4 19. Rf4 c4 20. Nc5 h6 21. Qxd5 Qxf4 22.
exf4 Rxe1+ 23. Nf1 Rxf1+ 24. Kxf1 Ne3+ 0-1

[Event "*** Titled Tuesday Blitz"]
[Site "Chess.com"]
[Date "2021.03.09"]
[Round "8"]
[White "LileKoridze"]
[Black "halldorgretar"]
[Result "1-0"]
[WhiteElo "2423"]
[BlackElo "2236"]
[TimeControl "180+1"]
[EndTime "11:29:43 PST"]
[Termination "LileKoridze won by resignation"]

1. d4 Nf6 2. c4 g6 3. Nc3 d5 4.
Nf3 Bg7 5. Bg5 Ne4 6. cxd5 Nxg5 7. Nxg5 e6 8. Qd2 exd5 9. Qe3+ Kf8 10. Qf4 Bf6 11. h4 Kg7 12. e4 dxe4 13. O-O-O Qd6 14. Qxd6 cxd6 15. Ngxe4 Be7 16. Nb5 Bg4 17. f3 Rc8+ 18. Kb1 Bf5 19. Bd3 Nc6 20. Nbxd6 Bxd6 21. Nxd6 Bxd3+ 22. Rxd3 Rc7 23. Rc1 Rd7 24. Nxb7 Nxd4 25. Nc5 Rd6 26.
Rcd1 Rad8 27. Nb7 Nf5 28. Nxd8 1-0

[Event "*** Titled Tuesday Blitz"]
[Site "Chess.com"]
[Date "2021.03.09"]
[Round "8"]
[White "anon219"]
[Black "Azerichess"]
[Result "1-0"]
[WhiteElo "2882"]
[BlackElo "2965"]
[TimeControl "180+1"]
[EndTime "11:29:44 PST"]
[Termination "anon219 won by resignation"]

1. e4 c5 2. Nf3 Nf6 3. e5 Nd5 4. b3 g6 5. d4 cxd4 6. Qxd4 Nc7 7. Qh4 Nc6 8. Bd3 h6 9. O-O Bg7 10. Re1 b6 11. Nc3 Bb7 12. Bb2 Rc8 13. Ne4 Ne6 14.
Nf6+ exf6 15. exf6 Bf8 16. Rad1 Qc7 17. Bxg6 Rg8 18. Bxf7+ Kxf7 19. Qh5+ Rg6 20. Rxe6 Qf4 21. Rxd7+ 1-0

[Event "*** Titled Tuesday Blitz"]
[Site "Chess.com"]
[Date "2021.03.09"]
[Round "8"]
[White "ural58"]
[Black "dusanacns"]
[Result "0-1"]
[WhiteElo "2578"]
[BlackElo "2735"]
[TimeControl "180+1"]
[EndTime "11:29:45 PST"]
[Termination "dusanacns won by resignation"]

1. e4 g6 2. d4 Bg7 3. Nc3 c6 4. h3 d5 5. Be3 dxe4 6. Nxe4 Nf6 7. Nxf6+ exf6 8. Qd2 O-O 9. O-O-O Be6 10. a3 b5 11. Bh6 Qd5 12. Bxg7 Kxg7 13. b3 a5 14. c4 bxc4 15. Bxc4 Qd6 16. Bxe6 Qxe6 17. Qe3 Qd6 18. Kb2 Nd7 19. Ne2 Nb6 20. Nc3 Rfe8 21.
Qd3 Rab8 22. Rhe1 Red8 23. Ka2 a4 24. b4 Nd5 25. Ne4 Qf4 26. g3 Qf5 27. g4 Qf4 28. Rb1 Re8 29. Nc3 Qxf2+ 30. Re2 Nxc3+ 0-1

[Event "*** Titled Tuesday Blitz"]
[Site "Chess.com"]
[Date "2021.03.09"]
[Round "8"]
[White "ljuks68"]
[Black "NateSolon"]
[Result "0-1"]
[WhiteElo "2446"]
[BlackElo "2605"]
[TimeControl "180+1"]
[EndTime "11:29:48 PST"]
[Termination "NateSolon won by resignation"]

1. e4 c5 2. Nf3 d6 3. d4 cxd4 4. Nxd4 Nf6 5. Nc3 a6 6. Bg5 e6 7. f4 Be7 8. Qf3 Qc7 9. O-O-O Nbd7 10. g4 h6 11. Bxf6 Bxf6 12. h4 Nb6 13. g5 Bxd4 14. Rxd4 Qc5 15. Qd1 hxg5 16. Rxd6 Ke7 17. e5 gxf4 18.
Qg4 Qxe5 19. Rxb6 Qe3+ 20. Kb1 Qxb6 21. Qxg7 Bd7 22. Ne4 Rag8 23. Qf6+ Ke8 24. h5 Bc6 25. Nd6+ Kd7 26. Nc4 Qf2 27. Qxf7+ Kc8 0-1

[Event "*** Titled Tuesday Blitz"]
[Site "Chess.com"]
[Date "2021.03.09"]
[Round "8"]
[White "ymoy"]
[Black "Deepweb2020"]
[Result "1-0"]
[WhiteElo "2619"]
[BlackElo "2469"]
[TimeControl "180+1"]
[EndTime "11:29:49 PST"]
[Termination "ymoy won on time"]

1. e4 e5 2. Nf3 Nc6 3. d4 exd4 4. Bc4 Bc5 5. O-O d6 6. c3 Bg4 7. Qb3 Qd7 8. cxd4 Bxf3 9. dxc5 Nd4 10. Qxb7 Qg4 11.
Bxf7+ Kd7 12. c6+ Nxc6 13. Be6+ Qxe6 14. gxf3 Rb8 15. Qa6 1-0

[Event "*** Titled Tuesday Blitz"]
[Site "Chess.com"]
[Date "2021.03.09"]
[Round "8"]
[White "Sychev_Klementy"]
[Black "Marcin"]
[Result "0-1"]
[WhiteElo "2851"]
[BlackElo "2531"]
[TimeControl "180+1"]
[EndTime "11:29:50 PST"]
[Termination "Marcin won by resignation"]

1. e4 c6 2. Nc3 d5 3. Qf3 d4 4.
Bc4 Nf6 5. e5 dxc3 6. exf6 exf6 7. dxc3 Bd6 8. Bd2 O-O 9. O-O-O Qc7 10. h4 Nd7 11. h5 Ne5 12. Qe2 Nxc4 13. Qxc4 Be6 14. Qh4 Bxa2 15. h6 g6 16. Nf3 Be7 17. Rhe1 Be6 18. Nd4 Qa5 19. Bf4 Rad8 20. Rd3 Qa1+ 21.
Kd2 Qxb2 22. Be5 g5 23. Qh3 Bxh3 0-1

[Event "*** Titled Tuesday Blitz"]
[Site "Chess.com"]
[Date "2021.03.09"]
[Round "8"]
[White "BillieKimbah"]
[Black "JimmmyZhang"]
[Result "1-0"]
[WhiteElo "2871"]
[BlackElo "2472"]
[TimeControl "180+1"]
[EndTime "11:29:51 PST"]
[Termination "BillieKimbah won by resignation"]

1. Nf3 Nf6 2. g3 g6 3. Bg2 Bg7 4. O-O O-O 5. d4 c6 6. c4 d5 7.
Ne5 dxc4 8. Nxc4 Nbd7 9. Nc3 Nb6 10. Ne5 Be6 11. e4 Nfd7 12. Nf3 Bc4 13. Re1 e5 14. d5 cxd5 15. exd5 Nf6 16. Nxe5 Bxd5 17. Nxd5 Nfxd5 18. Nd3 Re8 19. Rxe8+ Qxe8 20. Qb3 Rd8 21. Bg5 Bf6 22. Re1 Qd7 23. Nc5 Qc7 24. Nxb7 Qxb7 25. Bxf6 Rc8 26.
Bd4 Qd7 27. Qf3 Nb4 28. Qf6 1-0

[Event "*** Titled Tuesday Blitz"]
[Site "Chess.com"]
[Date "2021.03.09"]
[Round "8"]
[White "SanQui14"]
[Black "Magila31"]
[Result "0-1"]
[WhiteElo "2351"]
[BlackElo "2230"]
[TimeControl "180+1"]
[EndTime "11:29:53 PST"]
[Termination "Magila31 won by resignation"]

1. d4 Nf6 2. c4 g6 3. Nc3 Bg7 4.
e4 d6 5. Nf3 O-O 6. Be2 c5 7. O-O Nc6 8. Be3 Ng4 9. Qd2 Nxe3 10. fxe3 cxd4 11. exd4 Qb6 12. Rfd1 Nxd4 13. Nxd4 e5 14.
Kh1 exd4 15. Nd5 Qd8 16. Rf1 Be6 17. Rac1 Bxd5 18. cxd5 Rc8 19. Bg4 Rc5 20. Rxc5 dxc5 21. Qd3 Qd6 22. Qd2 b5 23. Be2 c4 24. a4 d3 25. Bf3 a6 26. axb5 axb5 27. Rc1 h5 28. b3 Rc8 29. bxc4 bxc4 30. Bd1 Kh7 31. Ba4 Bh6 32. Qf2 Qf4 33. Qxf4 Bxf4 34. Rf1 c3 35. Rxf4 c2 36. Bxc2 dxc2 0-1

[Event "*** Titled Tuesday Blitz"]
[Site "Chess.com"]
[Date "2021.03.09"]
[Round "8"]
[White "HouseOfDurin"]
[Black "andrewtnb"]
[Result "1-0"]
[WhiteElo "2168"]
[BlackElo "2309"]
[TimeControl "180+1"]
[EndTime "11:29:56 PST"]
[Termination "HouseOfDurin won on time"]

1. d4 c6 2. Bg5 Qb6 3. b3 g6 4. h4 Bg7 5. c3 c5 6. e3 h5 7. Nf3 d6 8. Bd3 Bg4 9. Qc2 Bxf3 10. gxf3 cxd4 11. exd4 Nf6 12. Nd2 Nc6 13. Ne4 Nd5 14. a3 f5 15. Bc4 fxe4 16. Bxd5 Nxd4 17.
Qxe4 Nf5 18. O-O 1-0

[Event "*** Titled Tuesday Blitz"]
[Site "Chess.com"]
[Date "2021.03.09"]
[Round "8"]
[White "elextranjero00"]
[Black "Eliwood44"]
[Result "1-0"]
[WhiteElo "2651"]
[BlackElo "2483"]
[TimeControl "180+1"]
[EndTime "11:30:00 PST"]
[Termination "elextranjero00 won by resignation"]

1. d4 Nf6 2. c4 e6 3. Nc3 Bb4 4. e3 O-O 5. Bd3 d5 6. Nf3 c5 7. O-O cxd4 8. exd4 dxc4 9. Bxc4 b6 10. Bg5 Nbd7 11.
d5 Bxc3 12. bxc3 e5 13. d6 Bb7 14. Re1 Rc8 15. Bb5 Rxc3 16. Nxe5 Nxe5 17. Rxe5 h6 18. Bh4 g5 19. Bxg5 hxg5 20. Rxg5+ Kh8 21. Qd4 Rc5 22.
h4 Rg8 23. Re1 Rxb5 24. Rxb5 Rxg2+ 25. Kf1 Rg4 26. Rh5+ Kg7 27. Rg5+ Kh7 28. Rxg4 Nxg4 29. Qxg4 Qxd6 30. Qh5+ Kg7 31. Qe5+ Qxe5 32. Rxe5 1-0

[Event "*** Titled Tuesday Blitz"]
[Site "Chess.com"]
[Date "2021.03.09"]
[Round "8"]
[White "Tooweak2slow03"]
[Black "ENajer77"]
[Result "1-0"]
[WhiteElo "2779"]
[BlackElo "2617"]
[TimeControl "180+1"]
[EndTime "11:30:03 PST"]
[Termination "Tooweak2slow03 won by resignation"]

1. e4 c6 2. Nc3 d5 3. Nf3 Bg4 4.
h3 Bxf3 5. Qxf3 Nf6 6. d3 e6 7. Be2 Bb4 8. Bd2 d4 9. Nb1 Qb6 10. O-O Bxd2 11. Nxd2 Qxb2 12. Nc4 Qxc2 13. e5 b5 14.
Nd6+ Ke7 15. exf6+ Kxd6 16. fxg7 Rg8 17. Qxf7 Nd7 18.
Rae1 Qxa2 19. Bg4 Nc5 20. f4 Qd5 21. Re5 Qb3 22. f5 Kxe5 23. Qc7+ Kd5 24. Bf3+ Ne4 25. Bxe4+ Kc5 26. Qxc6+ Kb4 27. Qxa8 Rxa8 28. f6 Rd8 29. f7 1-0

[Event "*** Titled Tuesday Blitz"]
[Site "Chess.com"]
[Date "2021.03.09"]
[Round "8"]
[White "Unknown_IM"]
[Black "LubovMarkelova"]
[Result "1-0"]
[WhiteElo "2383"]
[BlackElo "2223"]
[TimeControl "180+1"]
[EndTime "11:30:03 PST"]
[Termination "Unknown_IM won by resignation"]

1. e4 e6 2. d4 d5 3. e5 c5 4. c3 Qb6 5. Nf3 Nc6 6. a3 Nh6 7. b4 cxd4 8. cxd4 Nf5 9. Be3 f6 10. exf6 gxf6 11. Bd3 Nxe3 12. fxe3 Bh6 13. Qe2 Bd7 14. O-O O-O-O 15. Nc3 Ne7 16. Rfb1 Qd6 17. Bb5 a6 18. Bxd7+ Rxd7 19. Na4 e5 20. b5 a5 21. Nc5 Rc7 22. b6 Rc6 23. Qb5 Bxe3+ 24. Kh1 Bxd4 25. Nxd4 exd4 26. Rc1 Rxc5 27. Rxc5+ Nc6 28.
Rac1 Kb8 29. Rxc6 bxc6 30. Rxc6 Qxa3 31. h3 Rc8 32. Rxc8+ Kxc8 33. Qc6+ Kd8 34. Qc7+ Ke8 35. b7 1-0

[Event "*** Titled Tuesday Blitz"]
[Site "Chess.com"]
[Date "2021.03.09"]
[Round "8"]
[White "federicosellitti"]
[Black "DFeco"]
[Result "1-0"]
[WhiteElo "2533"]
[BlackElo "2302"]
[TimeControl "180+1"]
[EndTime "11:30:04 PST"]
[Termination "federicosellitti won by resignation"]

1. e4 e5 2. Nc3 Nc6 3. f4 exf4 4. Nf3 Nf6 5. Bc4 Bb4 6. O-O O-O 7. d3 Bxc3 8. bxc3 Na5 9. Bb3 Nxb3 10. axb3 d5 11. e5 Nh5 12. Nd4 g6 13. Qf3 c5 14.
Ne2 f6 15. e6 Bxe6 16. Nxf4 Nxf4 17. Bxf4 Qd7 18. Qe3 b6 19. Bh6 Rf7 20. Rae1 Re8 21. Qg3 Bf5 22. Rxe8+ Qxe8 23. Rxf5 Re7 24. Rxf6 Re1+ 25.
Rf1 Rxf1+ 26. Kxf1 Qf7+ 27. Qf3 Qxf3+ 28. gxf3 Kf7 29.
Bf4 a6 30. Ke2 Ke6 31. Bc7 b5 32. Bb6 c4 33. Ke3 Ke5 34. Bc7+ Ke6 35. Kd4 Kd7 36.
Bf4 Kc6 37. Bh6 a5 38. dxc4 dxc4 39. bxc4 a4 40. cxb5+ Kxb5 41. Bf8 1-0

[Event "*** Titled Tuesday Blitz"]
[Site "Chess.com"]
[Date "2021.03.09"]
[Round "8"]
[White "eldur16"]
[Black "Chernov_Mikhail"]
[Result "1-0"]
[WhiteElo "2566"]
[BlackElo "2404"]
[TimeControl "180+1"]
[EndTime "11:30:07 PST"]
[Termination "eldur16 won by resignation"]

1. Nf3 c5 2. g3 Nc6 3. Bg2 e5 4. O-O g6 5. c4 Bg7 6. Nc3 d6 7. d3 Nge7 8. Rb1 O-O 9. a3 a5 10. Bg5 h6 11. Bxe7 Qxe7 12. Nd5 Qd8 13. b4 cxb4 14. axb4 a4 15. b5 Ne7 16. Nd2 f5 17. Ra1 a3 18. Qb3 e4 19. Nxe7+ Qxe7 20. Rxa3 Rxa3 21. Qxa3 e3 22. Nf3 f4 23. gxf4 Rxf4 24. Qa7 exf2+ 25. Rxf2 Bd4 26. Nxd4 Qe3 27. Bf3 Rxd4 28. Qa8 Qe8 29. Bxb7 Rg4+ 30. Kf1 Rxc4 1-0

[Event "*** Titled Tuesday Blitz"]
[Site "Chess.com"]
[Date "2021.03.09"]
[Round "8"]
[White "enriquebutti"]
[Black "NikolaN98"]
[Result "0-1"]
[WhiteElo "2232"]
[BlackElo "2527"]
[TimeControl "180+1"]
[EndTime "11:30:15 PST"]
[Termination "NikolaN98 won by resignation"]

1. d4 e6 2. Nf3 f5 3. g3 Nf6 4. Bg2 Be7 5. O-O O-O 6. c4 d6 7.
Nc3 a5 8. Re1 Ne4 9. Nxe4 fxe4 10. Nd2 d5 11. e3 c5 12. dxc5 Nc6 13. f3 a4 14. fxe4 d4 15. Nf3 d3 16. e5 Bxc5 17. Kh1 Nb4 18. Bd2 Nc2 19. Bc3 Nxa1 20. Qxa1 Bd7 21.
Nd4 Bxd4 22. exd4 Bc6 23. Bxc6 bxc6 24. Qd1 Rf2 25. Qxd3 Qf8 26. a3 Qf7 27. Qe4 Rf8 28.
h4 Rf1+ 0-1

[Event "*** Titled Tuesday Blitz"]
[Site "Chess.com"]
[Date "2021.03.09"]
[Round "8"]
[White "Isajevsky_Anton"]
[Black "ViktoriyaTarasova"]
[Result "0-1"]
[WhiteElo "2450"]
[BlackElo "2332"]
[TimeControl "180+1"]
[EndTime "11:30:15 PST"]
[Termination "ViktoriyaTarasova won on time"]

1. c4 Nf6 2. Nc3 e5 3. Nf3 Nc6 4. e3 Bb4 5. Nd5 Nxd5 6. cxd5 Ne7 7. Nxe5 O-O 8. Bc4 d6 9. Nd3 Ba5 10. b4 Bb6 11. Bb2 Bf5 12. Nf4 a5 13. a3 Ng6 14.
Nxg6 fxg6 15. O-O Qe7 16. d3 Kh8 17. Kh1 c6 18. e4 Bd7 19. f4 axb4 20. axb4 c5 21.
Rxa8 Rxa8 22. Qb3 Be8 23. e5 cxb4 0-1

[Event "*** Titled Tuesday Blitz"]
[Site "Chess.com"]
[Date "2021.03.09"]
[Round "8"]
[White "kuhlmann"]
[Black "Michaelson_11"]
[Result "1-0"]
[WhiteElo "2399"]
[BlackElo "2270"]
[TimeControl "180+1"]
[EndTime "11:30:17 PST"]
[Termination "kuhlmann won by resignation"]

1. a4 b5 2. axb5 a6 3. bxa6 Bxa6 4. Na3 Bb7 5. Nf3 g6 6. g3 Bg7 7. Bg2 e6 8. O-O Ne7 9. c3 c5 10. d3 O-O 11. Bf4 d6 12. Qd2 Nf5 13. e4 Ne7 14.
Bh6 Nbc6 15. Bxg7 Kxg7 16. Nc2 Qb6 17. Na3 Na5 18. Qe2 Nb3 19. Rab1 Ba6 20. Nc4 Bxc4 21. dxc4 f6 22. Rfd1 Ra4 23. Nd2 Rb8 24. Nxb3 Qxb3 25. Rxd6 Rxc4 26. Rd7 Kf7 27. e5 f5 28. Qd2 Qa2 29. Rf1 Qxb2 30. Qg5 1-0

[Event "*** Titled Tuesday Blitz"]
[Site "Chess.com"]
[Date "2021.03.09"]
[Round "8"]
[White "Ranindu2003"]
[Black "bsnsun"]
[Result "1-0"]
[WhiteElo "2614"]
[BlackElo "2455"]
[TimeControl "180+1"]
[EndTime "11:30:19 PST"]
[Termination "Ranindu2003 won by checkmate"]

1. e4 c5 2. Nf3 Nc6 3. d4 cxd4 4. c3 Qb6 5. Bc4 d3 6. O-O d6 7. Qxd3 Nf6 8. Be3 Qc7 9. Na3 Ne5 10. Nxe5 dxe5 11. Nb5 Qb8 12. f4 e6 13. fxe5 Qxe5 14. Bd4 Bc5 15. Kh1 Bxd4 16. cxd4 Qh5 17. Nd6+ Ke7 18.
Qa3 Kd8 19. e5 Ng4 20. Nxb7+ Bxb7 21. Qd6+ Kc8 22. Bxe6+ fxe6 23. Rac1+ Bc6 24. Rxc6+ Kb7 25. Rc7+ Kb8 26. Rd7+ Kc8 27. Qc7# 1-0

[Event "*** Titled Tuesday Blitz"]
[Site "Chess.com"]
[Date "2021.03.09"]
[Round "8"]
[White "FMJoseHerrera"]
[Black "Eloist"]
[Result "1-0"]
[WhiteElo "2523"]
[BlackElo "2331"]
[TimeControl "180+1"]
[EndTime "11:30:20 PST"]
[Termination "FMJoseHerrera won by resignation"]

1. Nf3 Nf6 2. g3 b6 3. Bg2 Bb7 4. d3 d5 5. O-O e6 6. c4 Be7 7. cxd5 Nxd5 8. Nc3 c5 9. e4 Nb4 10. d4 cxd4 11. Nxd4 O-O 12. Be3 N8c6 13. Nb3 Ne5 14. a3 Nbd3 15. Qe2 Ba6 16. Rfd1 Qc7 17. Nd4 Nc5 18. Ndb5 Qc6 19. f4 Ned3 20. e5 Qd7 21.
a4 Rad8 22. b4 Nb3 23. Ra3 Bxb4 24. Rxb3 Bxb5 25. Nxb5 a6 26. Rbxd3 1-0

[Event "*** Titled Tuesday Blitz"]
[Site "Chess.com"]
[Date "2021.03.09"]
[Round "8"]
[White "Fortitudine"]
[Black "ApoIogiA"]
[Result "1-0"]
[WhiteElo "2304"]
[BlackElo "2184"]
[TimeControl "180+1"]
[EndTime "11:30:20 PST"]
[Termination "Fortitudine won by resignation"]

1. c4 Nf6 2. g3 g6 3. b3 Bg7 4.
Bb2 O-O 5. Bg2 c5 6. Nf3 Nc6 7. O-O d5 8. cxd5 Nxd5 9. Bxg7 Kxg7 10. d4 cxd4 11. Nxd4 e5 12. Nxc6 bxc6 13. Qc2 Qf6 14. Qb2 Be6 15. Nd2 Rfe8 16. Ne4 Qe7 17. Qxe5+ f6 18.
Qb2 Bf5 19. Nc3 Nxc3 20. Qxc3 Be4 21. Bxe4 Qxe4 22. e3 Rac8 23. Rac1 h5 24. Qc4 Qe7 25. Rcd1 Kh6 26. Rd4 g5 27. Rfd1 Rc7 28. Rd6 Kg6 29. Rxc6 Rd7 30. Qc2+ Kg7 31. Rxd7 1-0

[Event "*** Titled Tuesday Blitz"]
[Site "Chess.com"]
[Date "2021.03.09"]
[Round "8"]
[White "Thjop"]
[Black "GM_LOADING"]
[Result "0-1"]
[WhiteElo "2663"]
[BlackElo "2570"]
[TimeControl "180+1"]
[EndTime "11:30:21 PST"]
[Termination "GM_LOADING won by resignation"]

1. e4 e5 2. Nf3 Nc6 3. Bc4 Nf6 4. d3 h6 5. c3 d6 6. Nbd2 g6 7. Bb3 Bg7 8. Nf1 O-O 9. Ng3 d5 10. Qe2 Be6 11. h3 Re8 12. Nh2 Qd7 13. Nf3 a5 14.
Ba4 Qd6 15. Bd2 Red8 16. O-O Rab8 17. Rfd1 b5 18. Bb3 a4 19. Bc2 dxe4 20. dxe4 Bc4 21.
Qe1 Qe6 22. a3 Na5 23. Be3 Ne8 24. Rxd8 Rxd8 25. Rd1 Rxd1 26. Qxd1 Nd6 27. h4 Bb3 28. h5 g5 29. Bc5 Bxc2 30. Qxc2 Ndc4 31. Bb4 Nb3 32.
Nf5 c5 33. Bxc5 Nxc5 34. Qd1 Qd7 35. Qd5 Qxd5 36. exd5 Bf8 37. d6 Nxd6 0-1

[Event "*** Titled Tuesday Blitz"]
[Site "Chess.com"]
[Date "2021.03.09"]
[Round "8"]
[White "bogcsab"]
[Black "catzapto"]
[Result "1-0"]
[WhiteElo "2159"]
[BlackElo "2085"]
[TimeControl "180+1"]
[EndTime "11:30:24 PST"]
[Termination "bogcsab won by resignation"]

1. d4 Nf6 2. c4 e6 3. Nf3 d5 4. e3 c6 5. Nc3 Bb4 6. Qc2 O-O 7.
a3 Bd6 8. c5 Bc7 9. b4 Re8 10.
Bb2 Nbd7 11. Be2 e5 12. dxe5 Nxe5 13. Nxe5 Bxe5 14. O-O Bg4 15. Bd3 Bh5 16. Rae1 Bxh2+ 17. Kxh2 Ng4+ 18. Kg3 Qg5 19. f4 Qe7 20. Nd1 g5 21. Bxh7+ Kf8 22. Qc3 f6 23. Bf5 gxf4+ 24. Rxf4 Ne5 25.
Bh3 Qg7+ 26. Kh2 Ke7 27. Ref1 Rh8 28. Rxf6 Ng4+ 29. Bxg4 Bxg4+ 30. Kg1 Bxd1 31. Qe5+ Kd8 32. Rd6+ Kc8 33. Qxg7 1-0

[Event "*** Titled Tuesday Blitz"]
[Site "Chess.com"]
[Date "2021.03.09"]
[Round "8"]
[White "niki_2003"]
[Black "ailime26"]
[Result "0-1"]
[WhiteElo "2031"]
[BlackElo "2093"]
[TimeControl "180+1"]
[EndTime "11:30:25 PST"]
[Termination "ailime26 won by resignation"]

1. e4 a6 2. d4 g6 3. Nc3 Bg7 4.
Nf3 b5 5. Be3 Bb7 6. Bd3 e6 7.
Ne2 d6 8. c3 Nd7 9. O-O Ne7 10.
Nf4 O-O 11. Nd2 c5 12. Ne2 Qc7 13. f4 f5 14. e5 cxd4 15. cxd4 dxe5 16. fxe5 Nd5 17.
Bf4 Rac8 18. Rc1 Qb6 19. Rxc8 Rxc8 20. Nf3 h6 21. Qd2 g5 22. Bg3 g4 23. Nh4 Kh7 24. Kh1 Nf8 25. Nf4 Nxf4 26. Qxf4 Kh8 27. Bxf5 exf5 28. Nxf5 Ng6 29. Qxg4 Rf8 30. Qxg6 Qxg6 31.
Ne3 Rxf1+ 32. Nxf1 Qe4 0-1

[Event "*** Titled Tuesday Blitz"]
[Site "Chess.com"]
[Date "2021.03.09"]
[Round "8"]
[White "kingofthenil"]
[Black "klimkoj"]
[Result "1-0"]
[WhiteElo "2783"]
[BlackElo "2610"]
[TimeControl "180+1"]
[EndTime "11:30:26 PST"]
[Termination "kingofthenil won by resignation"]

1. e4 c5 2. d3 g6 3. g3 Bg7 4. Bg2 e6 5. f4 Ne7 6. Nf3 O-O 7.
O-O Nbc6 8. c3 b6 9. Be3 Ba6 10. Re1 d5 11. e5 d4 12. cxd4 cxd4 13. Bf2 Nd5 14. Qa4 Ncb4 15. a3 Nxd3 16. Qxa6 Nxe1 17.
Nxe1 Rc8 18. Nd2 Ne3 19. Qd3 Nxg2 20. Kxg2 Qd5+ 21. Qe4 Qb5 22. b4 Rfd8 23. Qd3 Qc6+ 24. Kg1 g5 25. Ne4 gxf4 26. gxf4 Kh8 27. Bh4 Rg8 28.
Kf2 Qd5 29. Ng5 1-0

[Event "*** Titled Tuesday Blitz"]
[Site "Chess.com"]
[Date "2021.03.09"]
[Round "8"]
[White "Dyadya81"]
[Black "Caracternin123"]
[Result "1-0"]
[WhiteElo "2733"]
[BlackElo "2586"]
[TimeControl "180+1"]
[EndTime "11:30:27 PST"]
[Termination "Dyadya81 won by resignation"]

1. e4 e5 2. Nf3 Nf6 3. Nxe5 d6 4.
Nf3 Nxe4 5. Qe2 Qe7 6. d3 Nf6 7. Bg5 Nbd7 8. Nc3 Qxe2+ 9. Bxe2 h6 10. Bd2 c6 11. O-O-O d5 12. Rde1 Bd6 13. Bd1+ Kd8 14. h3 Kc7 15. d4 Nb6 16. Ne5 Be6 17. b3 Rhe8 18. f4 Nfd7 19. g4 f6 20. Nd3 a5 21.
a4 Bf7 22. f5 Rxe1 23. Rxe1 Re8 24. Ne2 Re4 25. Bxa5 h5 26. Rg1 h4 27. Be1 Re3 28. Rh1 c5 29. Bf2 Rf3 30. dxc5 Nxc5 31.
Bxc5 Bxc5 32. Nxc5 1-0